AoeStats
← 极地沙尘暴

Arena

507089844Analyzed
3v3 RM · 15d ago on Sep 16, 2026· 47m 9s· 6 players
Game mode
Random Map
Map size
Normal (6 player)
Population
200
Speed
Normal
Resources
Standard
Victory
Conquest
Starting age
Dark Age
Ending age
Imperial Age
RankedLock teamsTeams togetherTeam positionsShared explorationLock speedFull tech treeHidden civsTurbo modeCheats
Victory
Defeat
🇺🇸 Byzantines · United States
1512
+13
🇨🇳 Wei · China
1446
+16
🇨🇳 Wu · China
1446
+16
🇫🇷 Britons · France
1518
-17
🇩🇪 Gurjaras · Germany
1438
-15
🇫🇷 Malians · France
1390
-13
Tonymontana
10:35 Feudal Age
13:01 Loom
15:36 Castle Age
13:43 Double-Bit Axe
13:51 Horse Collar
19:55 Bow Saw
20:17 Heavy Plow
26:15 Gold Mining
28:39 Wheelbarrow
27:49 Town Watch
32:18 Imperial Age
30:08 Scale Mail Armor
30:55 Gold Shaft Mining
30:43 Forging
31:15 Chain Mail Armor
31:21 Chain Mail Armor
31:17 Forging
32:24 Hand Cart
32:38 Fletching
33:32 Bodkin Arrow
33:39 Padded Archer Armor
34:09 Elite Skirmisher
36:46 Chemistry
36:08 Thumb Ring
38:43 Ballistics
39:13 Leather Archer Armor
ccereal
6:33 Loom
9:16 Feudal Age
9:56 Double-Bit Axe
13:50 Fletching
14:02 Padded Archer Armor
19:23 Wheelbarrow
22:12 Castle Age
21:25 Horse Collar
21:36 Gold Mining
22:26 Crossbowman
23:06 Bodkin Arrow
23:22 Bow Saw
26:53 Ballistics
38:54 Imperial Age
36:26 Scale Mail Armor
37:02 Squires
37:57 Chain Mail Armor
37:53 Forging
37:07 Pikeman
38:49 Hand Cart
39:18 Forging
39:11 Halberdier
41:36 Plate Mail Armor
42:34 Iron Casting
42:50 Arbalester
43:59 Conscription
44:12 Bracer
44:17 Town Watch
45:26 Leather Archer Armor
46:02 Yeomen
p0n0n0
9:35 Feudal Age
8:44 Loom
13:52 Castle Age
12:45 Double-Bit Axe
29:36 Horse Collar
30:37 Fervor
34:02 Wheelbarrow
34:38 Atonement
35:37 Scale Barding Armor
35:42 Forging
36:38 Bloodlines
36:29 Husbandry
36:37 Husbandry
37:59 Bow Saw
41:21 Imperial Age
40:16 Kshatriyas
40:19 Heavy Plow
42:13 Chain Barding Armor
43:03 Iron Casting
42:36 Elite Shrivamsha Rider
44:00 Gold Mining
45:57 Conscription
BungaloBones
10:25 Feudal Age
14:16 Castle Age
13:15 Double-Bit Axe
13:14 Horse Collar
16:44 Loom
27:29 Bow Saw
31:50 Wheelbarrow
32:44 Heavy Plow
34:33 Gold Mining
35:25 Hand Cart
40:20 Imperial Age
38:40 Ballistics
38:22 Fletching
38:33 Padded Archer Armor
38:18 Pikeman
38:51 Treadmill Crane
39:15 Bodkin Arrow
39:36 Scale Mail Armor
39:52 Forging
39:59 Leather Archer Armor
39:51 Squires
39:38 Arson
40:50 Chain Mail Armor
41:08 Bracer
40:31 Elite Skirmisher
42:25 Chemistry
42:03 Iron Casting
42:00 Ring Archer Armor
41:38 Thumb Ring
41:32 Halberdier
42:37 Scale Barding Armor
43:04 Plate Mail Armor
43:26 Bombard Tower
44:47 Two-Man Saw
45:13 Crop Rotation
45:27 Man-at-Arms
45:53 Gambesons
47:42 Chain Barding Armor
48:15 Gold Shaft Mining
极地沙尘暴
10:43 Feudal Age
14:42 Castle Age
12:57 Loom
13:04 Double-Bit Axe
16:34 Horse Collar
17:52 Bow Saw
20:08 Fletching
23:11 Wheelbarrow
23:31 Bodkin Arrow
23:43 Gold Mining
28:20 Imperial Age
26:26 Bodkin Arrow
27:17 Red Cliffs Tactics
29:58 Conscription
29:47 Bracer
31:01 Hand Cart
30:50 Padded Archer Armor
32:33 Chemistry
31:56 Ballistics
33:36 Leather Archer Armor
33:39 Heavy Plow
35:14 Sitting Tiger
35:21 Elite Fire Archer
39:05 Forging
40:27 Guilds
41:30 Two-Man Saw
41:06 Scale Barding Armor
41:36 Iron Casting
42:38 Chain Barding Armor
43:09 Bloodlines
43:00 Husbandry
44:05 Blast Furnace
43:54 Plate Barding Armor
43:38 Heavy Hei Guang Cavalry
44:31 Sitting Tiger
45:15 Light Cavalry
46:35 Gold Shaft Mining
剃刀割猪头
9:17 Feudal Age
9:45 Double-Bit Axe
9:42 Horse Collar
11:36 Wheelbarrow
13:42 Gold Mining
14:17 Stone Mining
18:54 Castle Age
18:20 Forging
18:55 Bloodlines
20:03 Bow Saw
19:55 Heavy Plow
20:34 Gold Shaft Mining
21:14 Scale Barding Armor
21:40 Husbandry
21:39 Light Cavalry
24:44 Chain Barding Armor
30:20 Tuntian
34:06 Hand Cart
33:36 Loom
38:17 Imperial Age
36:56 Iron Casting
37:21 Fervor
38:01 Stone Shaft Mining
38:22 Fletching
39:31 Conscription
40:15 Blast Furnace
38:39 Elite Tiger Cavalry
40:59 Hussar
42:53 Chemistry
42:14 Ballistics
42:13 Bodkin Arrow
42:18 Padded Archer Armor
42:58 Ming Guang Armor
42:59 Thumb Ring
43:19 Parthian Tactics
43:08 Fortified Wall
43:39 Murder Holes
43:51 Bracer
44:07 Leather Archer Armor
44:38 Hoardings
47:34 Ring Archer Armor
Connection lost

Rejoining the realm…

Still unreachable

The connection could not be restored.

Session expired

The server has moved on; the page needs a fresh start.